 Dungeon Crawl Stone Soup version 0.28.0 (webtiles) character file.

Game seed: 18415201973104548677

929 bande the Chopper (level 8, -1/48 HPs)
             Began as a Gargoyle Fighter on Feb 14, 2022.
             Slain by Duvessa (8 damage)
             ... on level 6 of the Dungeon.
             The game lasted 00:11:53 (6721 turns).

bande the Chopper (Gargoyle Fighter)                Turns: 6721, Time: 00:11:53

Health: -1/48      AC: 15    Str: 27    XL:     8   Next: 11%
Magic:  8/8        EV:  8    Int:  8    God:
Gold:   188        SH:  0    Dex: 11    Spells: 7/7 levels left

rFire   . . .      SeeInvis .   a - +0 war axe
rCold   . . .      Faith    +   c - +1 buckler
rNeg    + . .      Spirit   .   o - +0 chain mail
rPois   ∞          Reflect  .   (no helmet)
rElec   +          Harm     .   (no cloak)
rCorr   .          Rampage  .   (no gloves)
Will    +....                   (no boots)
Stlth   ..........              l - amulet of faith
HPRegen 0.16/turn               g - +6 ring of strength
MPRegen 0.11/turn               u - ring of willpower

@: confused, mighty, ambrosia-drunk
A: sickness immunity, AC +5, negative energy resistance 1, electricity
resistance, torment resistance 1, petrification resistance
a: no special abilities


You were on level 6 of the Dungeon.
You visited 1 branch of the dungeon, and saw 6 of its levels.

You collected 188 gold pieces.

Inventory:

Hand Weapons
 a - a +0 war axe (weapon)
Armour
 c - a +1 buckler (worn)
 o - a +0 chain mail (worn)
Jewellery
 b - a ring of ice
 g - a +6 ring of strength (left hand)
 l - an amulet of faith (around neck)
 m - a ring of protection from cold
 t - a ring of flight
 u - a ring of willpower (right hand)
Wands
 h - a wand of paralysis (4)
 i - a wand of flame (39)
Potions
 d - 2 potions of might
 e - a potion of berserk rage {unknown}
 f - a potion of mutation {unknown}
 j - a potion of ambrosia
 k - a potion of experience {unknown}
 n - 2 potions of lignification {unknown}
 p - a potion of resistance {unknown}
 q - a potion of degeneration {unknown}
 r - a potion of flight {unknown}
 s - a potion of heal wounds {unknown}


   Skills:
 + Level 4.7 Fighting
 + Level 5.4 Axes
 + Level 5.3 Armour
 - Level 0.1 Dodging
 + Level 4.6 Shields
 * Level 3.2 Evocations


You had 7 spell levels left.
You didn't know any spells.
Your spell library contained the following spells:

 Spells                   Type           Power      Damage    Failure   Level
 Animate Skeleton         Necr           0%         N/A       97%         1
 Apportation              Tloc           0%         N/A       97%         1
 Summon Small Mammal      Summ           0%         N/A       97%         1
 Petrify                  Tmut/Erth      0%         N/A       100%        4
 Irradiate                Conj/Tmut      0%         3d13      100%        5
 Sublimation of Blood     Necr           Unusable   N/A       N/A         2

Dungeon Overview and Level Annotations

Branches:
Dungeon (6/15)
 Temple: D:4-7

Altars:
Kikubaaqudgha

Annotations:
D:6 Dowan, Duvessa


Innate Abilities, Weirdness & Mutations

You are immune to sickness and miasma.
Your stone body is resilient. (AC +5)
You are immune to poison.
You resist negative energy. (rN+)
You are resistant to electric shocks. (rElec)
You are resistant to unholy torment.
You are immune to petrification.


Message History

* * * LOW HITPOINT WARNING * * *
Duvessa barely misses you.
You slash Duvessa!
Duvessa is moderately wounded.
You closely miss Dowan. Duvessa hits you but does no damage.
Dowan hits you with a +0 dagger.
* * * LOW HITPOINT WARNING * * *
You block Duvessa's attack.
Unknown command.
You slash Duvessa!
Duvessa is severely wounded.
You barely miss Dowan. Duvessa hits you with a +0 rapier.
* * * LOW HITPOINT WARNING * * *
You block Dowan's attack. Duvessa barely misses you.
Dowan hits you but does no damage.
Unknown command.
You closely miss Duvessa.
Duvessa is severely wounded.
You closely miss Dowan. Duvessa hits you but does no damage.
You block Dowan's attack. Duvessa hits you but does no damage.
Unknown command.
You hit Duvessa.
Duvessa is almost dead.
You slash Dowan! Duvessa hits you with a +0 rapier.
* * * LOW HITPOINT WARNING * * *
Dowan zaps a wand.
The puff of flame misses you. Duvessa hits you with a +0 rapier.
* * * LOW HITPOINT WARNING * * *
It was a potion of ambrosia.
You are confused.
You feel invigorated. Duvessa hits you with a +0 rapier.
* * * LOW HITPOINT WARNING * * *
Dowan hits you with a +0 dagger.
* * * LOW HITPOINT WARNING * * *
Unknown command.
You closely miss Duvessa.
Duvessa is almost dead.
You barely miss Dowan. Duvessa hits you but does no damage.
Dowan hits you but does no damage. Duvessa hits you with a +0 rapier!
You die...

.# #.# ##+# #.#
##...# #.#####
##.....## #.....#
#.......## ##...#.#
........e####......#
......e@.'.........#
.........####......#
#.......## ##.##.##
##.....## ####.#
##...# #.# ##+# #.#
####.############.#
#..............##.#
#........#####.##.#


You could see Duvessa (fast) and Dowan.

Vanquished Creatures
  A water moccasin (D:5)
  2 black bears
  A necrophage (D:5)
  A scorpion (D:4)
  2 water moccasin skeletons (D:5)
  A bullfrog zombie (D:5)
  A jelly (D:5)
  A centaur skeleton (D:5)
  2 orc priests
  A bullfrog skeleton (D:5)
  3 orc wizards
  A killer bee zombie (D:5)
  A hound skeleton (D:5)
  3 adders
  A worm (D:4)
  8 orcs
  3 ball pythons
  5 bats
  11 endoplasms
  2 giant cockroaches
  9 goblins
  2 hobgoblins
  6 jackals
  6 quokkas
  5 frilled lizards
  6 kobolds
  4 rats
89 creatures vanquished.

Vanquished Creatures (others)
  A fungus (D:1)
  4 plants (D:1)
5 creatures vanquished.

Grand Total: 94 creatures vanquished

Notes
Turn   | Place    | Note
-------+----------+-------------------------------------------
     0 | D:1      | bande the Gargoyle Fighter began the quest for the Orb.
     0 | D:1      | Reached XP level 1. HP: 14/14 MP: 1/1
   110 | D:1      | Reached XP level 2. HP: 13/19 MP: 2/2
   798 | D:1      | Found a faded altar of an unknown god.
  1124 | D:1      | Reached XP level 3. HP: 22/23 MP: 3/3
  1602 | D:2      | Found an ancient bone altar of Kikubaaqudgha.
  2374 | D:3      | Reached XP level 4. HP: 29/29 MP: 4/4
  2576 | D:3      | Noticed a black bear
  2590 | D:3      | Killed a black bear
  2591 | D:3      | Reached skill level 1 in Evocations
  2591 | D:3      | Reached XP level 5. HP: 6/33 MP: 5/5
  4072 | D:4      | Reached XP level 6. HP: 16/38 MP: 6/6
  5510 | D:5      | Entered Level 5 of the Dungeon
  5681 | D:5      | Reached XP level 7. HP: 43/43 MP: 7/7
  5690 | D:5      | Reached skill level 5 in Armour
  6329 | D:5      | Reached skill level 5 in Axes
  6374 | D:5      | Reached XP level 8. HP: 39/48 MP: 8/8
  6705 | D:6      | Noticed Duvessa
  6705 | D:6      | Noticed Dowan
  6721 | D:6      | Slain by Duvessa

Illustrated notes

Levels and vault maps discovered:
D:1:      lightli_arrival_chessboard, layout_loops_ring,
          shapermc_ecumenical_altar_mp_ritualfount
D:2:      layout_basic, basic_altar, minmay_misc_feat_room
D:3:      layout_basic
D:4:      layout_gridville
D:5:      layout_cave_pools
D:6:      layout_loops_corners, minmay_temple_entry_junction,
          nicolae_shop_overcharged_wands, uniq_maggie, uniq_edmund, uniq_duvessa

Skill      XL: |  1  2  3  4  5  6  7 |
---------------+----------------------+-----
Axes           | 2 3 4 5 |  5.4
Armour         | 4 5 |  5.3
Evocations     | 1 2 3 |  3.2
Shields        | 4 |  4.6
Fighting       | 4 |  4.7
Dodging        | |  0.1

Action                   |  1- 3 |  4- 6 |  7- 9 || total
-------------------------+-------+-------+-------++-------
Melee: War axe           |   130 |   129 |    80 ||   339
  Use: Scroll            |     4 |     3 |       ||     7
       Potion            |       |       |     2 ||     2
Armor: Scale mail        |    79 |     1 |       ||    80
       Chain mail        |       |    88 |    70 ||   158
Dodge: Dodged            |    60 |    55 |    42 ||   157
Block: Buckler           |    43 |    43 |    29 ||   115
